 Dungeon Crawl Stone Soup version 0.29-a0-817-g9904bce7a6 (webtiles) character file.

Game seed: 17054950964011986064

9 blackman the Sneak (level 2, -1/24 HPs)
             Began as a Human Delver on July 5, 2022.
             Slain by a phantom (3 damage)
             ... on level 5 of the Dungeon.
             The game lasted 00:00:44 (152 turns).

blackman the Sneak (Human Delver)                    Turns: 152, Time: 00:00:45

Health: -1/24      AC:  3    Str: 12    XL:     2   Next: 20%
Magic:  2/2        EV: 12    Int: 10    God:
Gold:   31         SH:  0    Dex: 14    Spells: 1/1 levels left

rFire   . . .      SeeInvis .   h - +0 spear
rCold   . . .      Faith    .   (no shield)
rNeg    . . .      Spirit   .   b - +0 leather armour
rPois   .          Reflect  .   (no helmet)
rElec   .          Harm     .   (no cloak)
rCorr   .          Rampage  .   (no gloves)
Will    .....                   (no boots)
Stlth   +++.......              (no amulet)
HPRegen 0.08/turn               (no ring)
MPRegen 0.08/turn               (no ring)

@: hasted, very quick
A: no striking features
a: no special abilities


You were on level 5 of the Dungeon.
You visited 1 branch of the dungeon, and saw 1 of its levels.

You collected 31 gold pieces.

Inventory:

Hand Weapons
 a - a +0 hand axe
 h - a +0 spear (weapon)
Armour
 b - a +0 leather armour (worn)
Wands
 g - a wand of digging (3)
Scrolls
 c - a scroll of fog
 d - a scroll of magic mapping
 e - a scroll of fear


   Skills:
 - Level 3.0 Fighting
 - Level 2.0 Axes
 - Level 2.0 Dodging
 - Level 5.0 Stealth
 + Level 1.7 Evocations


You had one spell level left.
You didn't know any spells.
Your spell library was empty.

Dungeon Overview and Level Annotations

Branches:
Dungeon (5/15)
 Temple: D:4-7

Altars:


Message History

The phantom is severely damaged.
Reach: h) +0 spear
Press: ? - help, Dir - move target, f/p - phantom
Aim: a phantom (severely damaged, about 49% to evade your +0 spear)
You miss the phantom.
The phantom is severely damaged.
The phantom hits you.
* * * LOW HITPOINT WARNING * * *
The phantom blinks!
You blink.
Reach: h) +0 spear
Press: ? - help, Dir - move target, f/p - phantom
Aim: a phantom (severely damaged, about 49% to evade your +0 spear)
You hit the phantom.
The phantom is severely damaged.
The phantom hits you.
* * * LOW HITPOINT WARNING * * *
Reach: h) +0 spear
Press: ? - help, Dir - move target, f/p - phantom
Aim: a phantom (severely damaged, about 49% to evade your +0 spear)
You closely miss the phantom.
The phantom is severely damaged.
Reach: h) +0 spear
Press: ? - help, Dir - move target, f/p - phantom
Aim: a phantom (severely damaged, about 49% to evade your +0 spear)
You hit the phantom.
The phantom is almost destroyed.
The phantom hits you but does no damage.
Reach: h) +0 spear
Press: ? - help, Dir - move target, f/p - phantom
Aim: a phantom (severely damaged, about 49% to evade your +0 spear)
You closely miss the phantom. Your punch misses the phantom.
The phantom is severely damaged.
The phantom barely misses you.
Reach: h) +0 spear
Press: ? - help, Dir - move target, f/p - phantom
Aim: a phantom (severely damaged, about 49% to evade your +0 spear)
You closely miss the phantom.
The phantom is severely damaged.
The phantom hits you.
You die...

#.........#####.#
#.######..# #.# ###
#.# ####..#####.####..
#.# #................†
#.# #.##..#####.#.....
#.# #.##..#####......#
#.###.##........#...##
#........#########.##
#####@#### #.# #W# #.#
#.# #+# #.# #<# #.#
#.# .$..........o..
#######.#..o###


You could see a phantom.

Vanquished Creatures
  An adder (D:5)
1 creature vanquished.

Notes
Turn   | Place    | Note
-------+----------+-------------------------------------------
     0 | D:5      | blackman the Human Delver began the quest for the Orb.
     0 | D:5      | Reached XP level 1. HP: 18/18 MP: 1/1
    30 | D:5      | Noticed an iguana
    75 | D:5      | Reached skill level 1 in Evocations
    75 | D:5      | Reached XP level 2. HP: 24/24 MP: 2/2
   127 | D:5      | Noticed a phantom
   152 | D:5      | Slain by a phantom

Illustrated notes

Levels and vault maps discovered:
D:5:      layout_loops_corners, overflow_temple_1_default

Skill      XL: |  1 |
---------------+----+-----
Evocations     | 1 |  1.7
Fighting       | |  3.0
Axes           | |  2.0
Dodging        | |  2.0
Stealth        | |  5.0

Action                   || total
-------------------------++-------
Melee: Spear             ||    27
  Use: Potion            ||     1
Armor: Leather armour    ||     5
Dodge: Dodged            ||    11

Table legend: (Time is in decaauts)
 A = Elapsed time spent in this place.
 B = Non-inter-level travel time spent in this place.
 C = Inter-level travel time spent in this place.
 D = Time resting spent in this place.
 E = Time spent auto-exploring this place.
 F = Levels seen in this place.
 G = Mean time per level.
                   A        B        C        D        E       F      G
               +--------+--------+--------+--------+--------+-----+--------+
         Total |    145 |    145 |      0 |      0 |     86 |   1 |  145.0 |
       Dungeon |    145 |    145 |      0 |      0 |     86 |   1 |  145.0 |
               +--------+--------+--------+--------+--------+-----+--------+

Top non-repeatable levels by time:
     D:5: 145 daAuts
